 Dungeon Crawl Stone Soup version 0.29.1-15-g9cfb28693d (webtiles) character file.

Game seed: 154324707469595278

184 joshua the Chopper (level 5, -2/47 HPs)
             Began as a Minotaur Berserker on Mar 24, 2023.
             Was an Initiate of Okawaru.
             Slain by a polar bear (11 damage)
             ... created by the rage of Trog
             ... on level 3 of the Dungeon.
             The game lasted 00:14:41 (2435 turns).

joshua the Chopper (Minotaur Berserker)             Turns: 2435, Time: 00:14:42

Health: -2/47      AC: 10    Str: 24    XL:     5   Next: 36%
Magic:  4/4        EV: 12    Int:  4    God:    Okawaru [......]
Gold:   84         SH:  0    Dex: 15    Spells: 4/4 levels left

rFire   . . .      SeeInvis +   a - +0 hand axe (freeze)
rCold   . . .      Faith    .   (no shield)
rNeg    . . .      Spirit   .   v - +4 ring mail
rPois   .          Reflect  .   p - +1 hat
rElec   .          Harm     .   (no cloak)
rCorr   .          Rampage  .   (no gloves)
Will    .....                   (no boots)
Stlth   +.........              B - amulet of regeneration
HPRegen 0.95/turn               A - +6 ring of dexterity
MPRegen 0.09/turn               n - ring of see invisible

@: no status effects
A: horns 2, retaliatory headbutt
a: Renounce Religion


You were on level 3 of the Dungeon.
You worshipped Okawaru.
Okawaru was noncommittal.
You visited 1 branch of the dungeon, and saw 3 of its levels.

You collected 84 gold pieces.

Inventory:

Hand Weapons
 a - a +0 hand axe of freezing (weapon)
 t - a +0 flail
 E - a +0 dagger
 F - a +0 mace
Armour
 b - a +0 animal skin
 g - a +0 ring mail
 p - a +1 hat (worn)
 u - a +0 chain mail
 v - a +4 ring mail (worn)
 w - a +0 scale mail
Jewellery
 k - a ring of magical power
 n - a ring of see invisible (right hand)
 A - a +6 ring of dexterity (left hand)
 B - an amulet of regeneration (around neck)
Wands
 y - a wand of charming (10)
Scrolls
 i - 2 scrolls of amnesia {unknown}
 m - a scroll of summoning {unknown}
 s - 3 scrolls of teleportation {unknown}
 z - a scroll of immolation {unknown}
 C - a scroll of identify {unknown}
 D - a scroll of noise {unknown}
 G - a scroll of blinking {unknown}
Potions
 c - a potion of magic {unknown}
 d - 2 potions of curing {unknown}
 h - a potion of attraction {unknown}
 j - a potion of haste {unknown}
 o - a potion of heal wounds {unknown}
 q - a potion of flight {unknown}
 r - 2 potions of brilliance {unknown}
 x - a potion of cancellation {unknown}


   Skills:
 * Level 4.8 Fighting
 * Level 4.9 Axes
 * Level 3.9 Armour
 * Level 3.6 Dodging


You had 4 spell levels left.
You didn't know any spells.
Your spell library was empty.

Dungeon Overview and Level Annotations

Branches:
Dungeon (3/15)

Altars:
Ashenzari
Dithmenos
Gozag
Kikubaaqudgha
Makhleb
Okawaru
Sif Muna


Innate Abilities, Weirdness & Mutations

You have a pair of horns on your head.
You reflexively headbutt those who attack you in melee.


Message History

a - a +0 hand axe of freezing (weapon)
You hit the polar bear but do no damage.
You closely miss the polar bear. You barely miss the polar bear.
The polar bear bites you. The polar bear claws you.
The polar bear completely misses you. The polar bear bites you!!
Ouch! That really hurt!
The polar bear barely misses you.
The polar bear claws you but does no damage.
The polar bear bites you but does no damage.
The polar bear claws you but does no damage.
The polar bear barely misses you.
The air fills with toxic fumes!
As you read the scroll labelled LIYTZU ZALEAN, it crumbles to dust.
It was a scroll of poison.
The polar bear bites you but does no damage.
The polar bear misses you. The polar bear claws you.
The polar bear closely misses you. You furiously retaliate!
You headbutt the polar bear. The polar bear closely misses you. x2
The polar bear bites you but does no damage.
The polar bear claws you but does no damage.
The polar bear barely misses you. The polar bear misses you.
The polar bear claws you but does no damage. x2
The polar bear bites you but does no damage.
The polar bear claws you.
The polar bear claws you but does no damage.
The polar bear closely misses you. The polar bear claws you.
* * * LOW HITPOINT WARNING * * *
The polar bear claws you but does no damage.
Unknown command.
As you read the scroll labelled ZOSAKHL GEOHYJU, it crumbles to dust.
You assume a fearsome visage.
The polar bear is unaffected. x2
The black bear is unaffected.
The polar bear is unaffected.
The black bear is unaffected.
It was a scroll of fear.
The polar bear bites you but does no damage.
The polar bear closely misses you. The polar bear claws you.
* * * LOW HITPOINT WARNING * * *
The polar bear bites you but does no damage.
The polar bear misses you. The polar bear barely misses you.
The polar bear bites you!
You die...

#.# #.##.... #§ #.#
#.###### #§
#.####.###### #§
#............ #§
######.###### #§
#.# #h #.#
#h##########.#
#h@hh§§§§§...######
###############....
#.### #.# #.# #.#
#.### #.... #####


You could see 3 polar bears and 2 black bears.

Vanquished Creatures
  An orc priest (D:3)
  Natasha (twice) (D:3)
  3 adders
  2 dart slugs
  4 orcs (D:3)
  5 endoplasms
  2 giant cockroaches
  4 goblins
  9 hobgoblins
  6 jackals (D:2)
  4 quokkas
  4 ball pythons
  5 bats (D:1)
  4 frilled lizards
  7 kobolds
  6 rats
68 creatures vanquished.

Notes
Turn   | Place    | Note
-------+----------+-------------------------------------------
     0 | D:1      | joshua the Minotaur Berserker began the quest for the Orb.
     0 | D:1      | Reached XP level 1. HP: 19/19 MP: 0/0
   192 | D:1      | Reached XP level 2. HP: 19/27 MP: 1/1
   466 | D:1      | Found a faded altar of an unknown god.
  1198 | D:2      | Reached XP level 3. HP: 32/33 MP: 2/2
  1400 | D:2      | Reached ** piety under Trog
  1858 | D:3      | Reached XP level 4. HP: 35/41 MP: 3/3
  2088 | D:3      | Found an iron altar of Okawaru.
  2091 | D:3      | Found a broken altar of Ashenzari.
  2092 | D:3      | Found a burning altar of Makhleb.
  2092 | D:3      | Found an opulent altar of Gozag.
  2099 | D:3      | Found an ancient bone altar of Kikubaaqudgha.
  2099 | D:3      | Found a shadowy altar of Dithmenos.
  2100 | D:3      | Found a shimmering blue altar of Sif Muna.
  2108 | D:3      | Fell from the grace of Trog
  2108 | D:3      | Became a worshipper of Warmaster Okawaru
  2122 | D:3      | Noticed Natasha
  2128 | D:3      | Killed Natasha
  2129 | D:3      | Reached XP level 5. HP: 38/47 MP: 4/4
  2194 | D:3      | Noticed Natasha
  2208 | D:3      | Killed Natasha
  2432 | D:3      | Noticed a polar bear
  2432 | D:3      | Noticed a polar bear
  2432 | D:3      | Noticed a black bear
  2432 | D:3      | Noticed a polar bear
  2432 | D:3      | Noticed a black bear
  2435 | D:3      | Slain by a polar bear

Illustrated notes

Levels and vault maps discovered:
D:1:      lightli_arrival_statuegarden, layout_basic,
          shapermc_ecumenical_altar_acropolis, minmay_circled_x
D:2:      layout_rooms
D:3:      layout_loops_ring, grunt_temple_overflow_open, uniq_natasha

Skill      XL: |  1  2  3 |
---------------+----------+-----
Fighting       | 4 |  4.8
Axes           | 4 |  4.9
Armour         | 3 |  3.9
Dodging        | 3 |  3.6

Action                   |  1- 3 |  4- 6 || total
-------------------------+-------+-------++-------
Melee: Hand axe          |   109 |    55 ||   164
       Headbutt          |     9 |     7 ||    16
       Punch             |     1 |       ||     1
Invok: Berserk           |     1 |       ||     1
       Trog's Hand       |     1 |       ||     1
  Use: Scroll            |       |     3 ||     3
Armor: Animal skin       |    11 |       ||    11
       Ring mail         |    35 |    37 ||    72
Dodge: Dodged            |    67 |    38 ||   105
